Cogmind - Beta 13 X2 --- EXPLORER MODE // 2024.01.26 @ 17:53:41 // Winter2019/RPGLIKE Player: Hermelin Result: Smashed by cave-in Performance ------------- Evolutions (3) 1500 Regions Visited (9) 1800 Robots Destroyed (151) 755 Value Destroyed (4536) 4536 Prototype IDs (57) 1140 Alien Tech Used (0) 0 Bonus (1461) 1461 TOTAL SCORE: 11192 Bonus ------- High Alert Combat Kills 19 Follower Combat Kills 467 Entered Garrisons 200 Used RIF Installer 500 Aligned with FarCom 300 Friendly Fire -25 Cogmind --------- Core Integrity 0/1000 Matter 254/300 Energy 236/240 System Corruption 2% Temperature Cool (2) Movement Walking (190) Ox1 Location -7/Factory Parts ------- > --- POWER (2) -------- Light Neutrino Core Light Neutrino Core > --- PROPULSION (2) --- Improved Carbon-fiber Leg Improved Carbon-fiber Leg (fused) > --- UTILITY (11) ----- Advanced Weight Redist. System Improved Signal Interpreter Improved Terrain Scanner Transport Network Coupler Weapon Cycler Thermal Defense Suite Improved Shock Absorption System Trap Extractor (0/4) Field Recycling Unit Bomb Drone Bay (0/16) > --- WEAPON (3) ------- Cooled Plasma Cannon Chainsword Chainsword > --- INVENTORY (4) ---- Remote Force Field Advanced Hacking Suite Advanced System Shield Field Lobotomy Kit (5) Peak State ------------ > --- POWER ------------ Light Neutrino Core Light Neutrino Core > --- PROPULSION ------- Improved Carbon-fiber Leg Improved Carbon-fiber Leg > --- UTILITY ---------- Advanced Weight Redist. System Improved Signal Interpreter Improved Terrain Scanner Transport Network Coupler Weapon Cycler Thermal Defense Suite Improved Shock Absorption System Trap Extractor Field Recycling Unit Bomb Drone Bay > --- WEAPON ----------- Improved Heavy Machine Gun Chainsword Chainsword > --- INVENTORY -------- Remote Force Field Advanced Hacking Suite Advanced System Shield Field Lobotomy Kit [Rating: 82] Favorites ----------- Power Cooled Ion Engine Engine Cooled Ion Engine Power Core Micro Fission Core Propulsion Aluminum Leg Leg Aluminum Leg Utility Improved Terrain Scanner Device Improved Terrain Scanner Storage Medium Matter Pod Processor Signal Interpreter Protection Light Armor Plating Weapon Chainsword Energy Gun EM Pulse Gun Energy Cannon Light EM Pulse Cannon Ballistic Gun Assault Rifle Launcher Rocket Launcher Special Weapon Plasma Cutter Slashing Weapon Chainsword Special Melee Weapon Datajack Build | -11 -10 -10 -9 -9 -9 -8 -8 -8 -7 ------- Run | Yrd Mat Min Mat Min Exi Min Mat Gar Fac Slots Evolved 14 | 5 1 . 3 1 . . 3 . 1 Power 1 | . . . . . . . 1 . . Propulsion 1 | 1 . . . . . . . . . Utility 10 | 3 1 . 2 1 . . 2 . 1 Weapon 2 | 1 . . 1 . . . . . . Parts Attached 75 | 8 5 2 14 5 . 1 19 11 10 Power 11 | 1 . 1 2 . . . 1 1 5 Engine 4 | 1 . . 2 . . . 1 . . Core 7 | . . 1 . . . . . 1 5 Reactor . | . . . . . . . . . . Propulsion 5 | 2 1 . . . . . 2 . . Treads . | . . . . . . . . . . Leg 5 | 2 1 . . . . . 2 . . Wheel . | . . . . . . . . . . Hover . | . . . . . . . . . . Flight . | . . . . . . . . . . Utility 36 | 3 4 . 4 4 . . 13 6 2 Device 25 | 1 1 . 3 2 . . 11 5 2 Storage 1 | . . . . 1 . . . . . Processor 5 | 1 1 . 1 . . . 1 1 . Hackware . | . . . . . . . . . . Protection 5 | 1 2 . . 1 . . 1 . . Artifact . | . . . . . . . . . . Weapon 23 | 2 . 1 8 1 . 1 3 4 3 Energy Gun 2 | 1 . . 1 . . . . . . Energy Cannon 5 | . . . 4 . . . . . 1 Ballistic Gun 2 | 1 . . . . . . . . 1 Ballistic Cannon . | . . . . . . . . . . Launcher 5 | . . 1 1 1 . . 1 . 1 Special Weapon 1 | . . . 1 . . . . . . Impact Weapon . | . . . . . . . . . . Slashing Weapon 6 | . . . 1 . . 1 2 2 . Piercing Weapon . | . . . . . . . . . . Special Melee Weapon 2 | . . . . . . . . 2 . Unidentified Prototypes 8 | . . . 2 1 . . . . 5 Parts Lost 1 | . . . . . . . . . 1 Power . | . . . . . . . . . . Propulsion . | . . . . . . . . . . Utility . | . . . . . . . . . . Weapon 1 | . . . . . . . . . 1 Highest Loss Streak 1 | . . . . . . . . . 1 To Critical Strikes . | . . . . . . . . . . Average Slot Usage (%) 93 | . 97 100 99 89 92 92 92 94 90 Engine 7 | . 10 3 6 7 7 7 10 10 . Core 1 | . . 6 1 . . . . . 10 Leg 13 | . 20 20 15 14 14 14 12 11 11 Device 32 | . 20 20 23 27 28 28 37 46 40 Storage 1 | . . . . . 7 7 1 . . Processor 11 | . 16 20 23 10 7 7 5 5 11 Protection 5 | . 10 10 7 6 7 7 4 . . Energy Gun 1 | . 10 10 . . . . . . . Energy Cannon 5 | . . . 12 14 14 10 . . . Ballistic Gun 1 | . 10 5 . . . . . . . Launcher 4 | . . 4 2 5 7 7 5 5 4 Slashing Weapon 5 | . . . 2 . . 3 11 10 11 Naked Turns . | . . . . . . . . . . Heaviest Build 59 | 10 15 15 25 37 37 37 52 55 59 Greatest Support 50 | 20 20 20 25 25 25 25 50 50 50 Greatest Overweight (x) 1 | 1 . . 1 1 1 1 1 1 1 Average Overweight (x) . | . . . . . 1 1 . . . Largest Inventory Capacity 4 | 2 2 2 4 4 4 4 4 4 4 Average Capacity 3 | . 2 2 3 4 4 4 4 4 4 Most Carried 4 | 1 2 2 4 4 4 4 4 4 4 Average Carried 3 | . 1 2 3 4 4 4 3 3 3 Final Capacity 4 | 2 2 2 4 4 4 4 4 4 4 Final Carried 4 | 1 2 2 4 4 4 4 4 4 4 Class Distribution -------------------- 43% | Hacker-Skirmisher 42% | Hacker-Gladiator 11% | Hacker-Assassin Dominant Class ---------------- Hacker-Skirmisher | -10/Materials Hacker-Skirmisher | -10/Mines Hacker-Skirmisher | -9/Materials Hacker-Skirmisher | -9/Mines Hacker-Skirmisher | -9/Exiles Hacker-Skirmisher | -8/Mines Hacker-Gladiator | -8/Materials Hacker-Gladiator | -8/Garrison Hacker-Gladiator | -7/Factory Resources | -11 -10 -10 -9 -9 -9 -8 -8 -8 -7 ----------- Run | Yrd Mat Min Mat Min Exi Min Mat Gar Fac Matter Collected 1720 | 283 281 41 151 50 . 109 373 75 357 Remotely 53 | . . . . . . . 53 . . Salvage Created 5332 | 28 399 119 1223 272 . 197 1647 566 881 Parts 315 | 4 33 7 75 12 . 3 90 37 54 Haulers Intercepted 13 | . 2 . 5 . . . 4 . 2 Recyclers Shooed 1 | . . 1 . . . . . . . Parts Field Recycled 10 | . . . . . . . 10 . . Retrieved Matter 61 | . . . . . . . 61 . . Parts Self-Destructed . | . . . . . . . . . . Prevented . | . . . . . . . . . . Kills | -11 -10 -10 -9 -9 -9 -8 -8 -8 -7 ------- Run | Yrd Mat Min Mat Min Exi Min Mat Gar Fac Combat Hostiles Destroyed 101 | . 9 2 23 3 . 6 31 10 17 Melee 39 | . . . . . . . 23 7 9 Guns 13 | . 9 2 1 . . . . . 1 Cannons 18 | . . . 14 2 . 2 . . . AOE 26 | . . . 3 1 . 4 8 3 7 Classes Destroyed 16 | 1 4 . 3 1 . 1 2 . 4 Worker 8 | . . . 2 1 . . 2 . 3 Builder 7 | . . . . . . . 1 . 6 Tunneler 2 | 1 1 . . . . . . . . Hauler 13 | . 2 . 5 . . . 4 . 2 Recycler 5 | . . . 1 1 . . 1 . 2 Operator 1 | . . . . . . . . . 1 Watcher 14 | . 3 . 4 . . . 5 1 1 Swarmer 21 | . 4 . 7 . . 3 4 2 1 Grunt 43 | . 5 2 8 1 . 2 14 3 8 Brawler 4 | . . . . 2 . . 1 1 . Duelist 1 | . . . . . . . 1 . . Protector 2 | . . . . . . . . . 2 Sentry 23 | . . . 8 . . . 10 4 1 Specialist 1 | . . . . . . . . . 1 Hunter 3 | . . . . . . 1 1 . 1 Programmer 3 | . . . . . . . . . 3 Best Kill Streak 10 | 1 7 2 5 2 . 3 6 3 10 Combat Bots Only 6 | . 6 2 3 2 . 3 3 3 4 Max Kills in Single Turn 4 | 1 2 1 2 1 . 2 2 1 4 Gunslinging 1 | . 1 . . . . . . . . Exploded 2 | . . . 2 1 . 2 2 1 2 Melee 1 | . . . . . . . 1 1 1 Uniques/NPCs Destroyed . | . . . . . . . . . . Combat | -11 -10 -10 -9 -9 -9 -8 -8 -8 -7 -------- Run | Yrd Mat Min Mat Min Exi Min Mat Gar Fac Hostile Shots Fired 631 | . 28 9 82 1 . 16 138 48 309 Missed 208 | . 11 1 26 . . 4 40 12 114 Damage Taken 3689 | . 140 62 433 5 . 101 738 293 1917 Core 2806 | . 98 48 309 4 . 72 543 235 1497 Absorbed by Shields 595 | . . . 106 2 . 39 283 135 30 Redirected to Core 2374 | . 74 41 273 4 . 72 481 184 1245 Ignored by Resistances 3196 | . 93 40 338 4 . 85 615 257 1764 Core Remaining (%) 91 | 100 . 86 . . . 88 . 92 . Volleys Fired 160 | 1 27 7 66 6 . 17 14 5 17 Largest 2 | 2 2 2 2 2 . 2 1 1 1 Hottest 112 | 60 60 60 112 112 . 112 33 33 39 Shots Fired 241 | 2 54 14 99 12 . 23 15 5 17 Gun 79 | 2 54 14 5 . . . . . 4 Cannon 119 | . . . 93 12 . 14 . . . Launcher 43 | . . . 1 . . 9 15 5 13 Special . | . . . . . . . . . . Kinetic 39 | 1 27 7 . . . . . . 4 Thermal . | . . . . . . . . . . Explosive 43 | . . . 1 . . 9 15 5 13 Electromagnetic 159 | 1 27 7 98 12 . 14 . . . Robot Hit Streak 27 | 2 20 17 27 9 . 16 12 2 5 Robot Miss Streak 4 | . 4 . 1 1 . 2 1 3 1 Penetration Max . | . . . . . . . . . . Secondary Targets 1 | . 1 . . . . . . . . Max Gunslinging Chain 1 | . 1 . . . . . . . . Shots Hit Robots 343 | 2 37 12 80 9 . 15 93 38 57 Core Hits 194 | 1 21 4 36 6 . 12 49 17 48 Critical Kills . | . . . . . . . . . . Critical Parts Destroyed . | . . . . . . . . . . Critical Strikes 20 | . 1 . 2 . . . 7 5 5 Corrupt 3 | . 1 . 2 . . . . . . Sever 17 | . . . . . . . 7 5 5 Melee Attacks 218 | . . . . . . . 106 54 58 Impact . | . . . . . . . . . . Slashing 209 | . . . . . . . 106 45 58 Piercing . | . . . . . . . . . . Sneak Attacks 23 | . . . . . . . 7 9 7 Combat Hostiles . | . . . . . . . . . . Follow-up Attacks . | . . . . . . . . . . Damage Inflicted 14418 | 24 574 175 1992 282 . 727 4464 1471 4709 Guns 871 | 24 532 175 71 . . . . . 69 Cannons 2115 | . . . 1680 216 . 219 . . . Explosions 5250 | . 42 . 241 66 . 508 1340 283 2770 Melee 6182 | . . . . . . . 3124 1188 1870 Ramming . | . . . . . . . . . . Kinetic 344 | 11 184 80 . . . . . . 69 Thermal 1178 | . 42 . 161 66 . 42 . . 867 Explosive 4072 | . . . 80 . . 466 1340 283 1903 Electromagnetic 2642 | 13 348 95 1751 216 . 219 . . . Impact . | . . . . . . . . . . Slashing 6182 | . . . . . . . 3124 1188 1870 Piercing . | . . . . . . . . . . Highest Corruption 2 | . . . . . . . 1 1 2 Average Corruption 1 | . . . . . . . 1 1 1 Corruption Purged . | . . . . . . . . . . Corruption Blocked . | . . . . . . . . . . Effects 23 | . . . . . . . 11 10 2 Message Errors 3 | . . . . . . . . 3 . Matter Fused 3 | . . . . . . . 2 1 . Heat Flow Errors 4 | . . . . . . . 2 2 . Energy Discharges 2 | . . . . . . . . 2 . Parts Rejected 2 | . . . . . . . . . 2 Parts Fused 1 | . . . . . . . . 1 . Data Loss (minor) 4 | . . . . . . . 4 . . Data Loss (major) 1 | . . . . . . . 1 . . Misfires 1 | . . . . . . . 1 . . Alerts 2 | . . . . . . . 1 1 . Overload Shots . | . . . . . . . . . . Overflow Damage 643 | . 22 . 62 . . 58 245 14 242 Projectiles 62 | . . . 62 . . . . . . Explosions 273 | . 22 . . . . 58 39 14 140 Melee 308 | . . . . . . . 206 . 102 Knockbacks . | . . . . . . . . . . Impact . | . . . . . . . . . . Kinetic . | . . . . . . . . . . Secondary . | . . . . . . . . . . Self-Inflicted Damage 268 | . . . 26 . . 37 54 44 107 Shots 16 | . . . 1 . . 2 2 2 9 Rammed . | . . . . . . . . . . Targets Rammed . | . . . . . . . . . . Kicked . | . . . . . . . . . . Crushed . | . . . . . . . . . . Highest Temperature 378 | . 99 75 378 108 . 170 274 273 246 Average Temperature 72 | . 28 35 78 37 . 49 88 135 79 Received Heat Transfer 1928 | . 69 57 208 4 . 30 511 131 918 Effects 1 | . . . 1 . . . . . . Energy Bleed 1 | . . . 1 . . . . . . Siege Activations . | . . . . . . . . . . Robots Corrupted 6 | . . . 6 . . . . . . Combat Hostiles 5 | . . . 5 . . . . . . Parts Fried 24 | . 2 . 18 . . . 4 . . Impact Corruptions . | . . . . . . . . . . Robots Melted . | . . . . . . . . . . Combat Hostiles . | . . . . . . . . . . Parts Melted 2 | . . . 1 . . . . . 1 Heat Transferred 950 | . 50 . 250 100 . 50 . . 500 Parts Sabotaged . | . . . . . . . . . . Parts Stolen . | . . . . . . . . . . Parts Stripped . | . . . . . . . . . . Power Chain Reactions 6 | . 1 . 3 1 . 1 . . . Missiles Intercepted . | . . . . . . . . . . Alert | -11 -10 -10 -9 -9 -9 -8 -8 -8 -7 ------- Run | Yrd Mat Min Mat Min Exi Min Mat Gar Fac Peak Influence 686 | 5 160 75 323 111 . 183 281 686 596 Initial 267 | . 2 25 . . . . . 99 267 Average 142 | 3 108 24 116 4 . 21 85 391 290 Maximum Alert Level 2 | . . . 1 . . . 1 2 2 Low Security (%) 73 | 100 100 100 82 100 . 100 87 14 27 Level 1 17 | . . . 17 . . . 12 36 56 Level 2 9 | . . . . . . . . 48 16 Level 3 . | . . . . . . . . . . Level 4 . | . . . . . . . . . . Level 5 . | . . . . . . . . . . High Security . | . . . . . . . . . . Max Security . | . . . . . . . . . . Squads Dispatched 24 | . 2 . 3 . . 1 7 . 11 Investigation 11 | . 2 . 3 . . 1 4 . 1 Extermination 2 | . . . . . . . . . 2 Reinforcement 5 | . . . . . . . . . 5 Assault . | . . . . . . . . . . Garrison 6 | . . . . . . . 3 . 3 Intercept . | . . . . . . . . . . Searches Triggered . | . . . . . . . . . . Construction Impeded 1 | . . . . . . . . . 1 Haulers Reinforced 1 | . . . . . . . . . 1 Active Scanning Responses . | . . . . . . . . . . Cargo Convoy Interrupts 1 | . . . . . . . . . 1 Stealth | -11 -10 -10 -9 -9 -9 -8 -8 -8 -7 --------- Run | Yrd Mat Min Mat Min Exi Min Mat Gar Fac Distress Signals 4 | . . . . . . . 1 . 3 Communications Jammed . | . . . . . . . . . . Distress Signals . | . . . . . . . . . . Times Spotted 174 | . 13 9 33 4 . 6 43 20 46 Peak Tracking Total 12 | . 3 12 3 2 . 3 6 4 11 Tactical Retreats 6 | . . 1 1 . . . . 2 2 Traps | -11 -10 -10 -9 -9 -9 -8 -8 -8 -7 ------- Run | Yrd Mat Min Mat Min Exi Min Mat Gar Fac Traps Triggered 9 | . 2 . 2 . . . 1 3 1 Indirectly . | . . . . . . . . . . Trap Hack Attempts 17 | . . . . . . . . 17 . Triggered . | . . . . . . . . . . Disarmed 4 | . . . . . . . . 4 . Reprogrammed 7 | . . . . . . . 6 1 . Reused 3 | . . . . . . . 1 . 2 Traps Extracted 4 | . . . . . . . 4 . . Installed 2 | . . . . . . . . . 2 Triggered 3 | . . . . . . . 1 . 2 Most Traps Carried 4 | . . . . . . . 4 4 4 Machines | -11 -10 -10 -9 -9 -9 -8 -8 -8 -7 ---------- Run | Yrd Mat Min Mat Min Exi Min Mat Gar Fac Machines Disabled 13 | . 1 . . 1 1 2 2 1 5 Max in Single Turn 3 | . 1 . . 1 . 1 1 1 3 Garrison Relay 2 | . . . . . . . . 2 . Machines Repaired . | . . . . . . . . . . Machines Dismantled . | . . . . . . . . . . Machines Sabotaged . | . . . . . . . . . . Overloaded Fab Kills . | . . . . . . . . . . Hacking | -11 -10 -10 -9 -9 -9 -8 -8 -8 -7 --------- Run | Yrd Mat Min Mat Min Exi Min Mat Gar Fac Machines Accessed 53 | . 10 . 13 1 1 2 16 4 6 Terminals 40 | . 8 . 10 . . 2 12 4 4 Fabricators . | . . . . . . . . . . Repair Stations . | . . . . . . . . . . Recycling Units 6 | . 2 . 1 . . . 2 . 1 Scanalyzers 3 | . . . 2 . . . 1 . . Garrison Access 2 | . . . . . . . 1 . 1 Total Hacks 216 | . 42 . 65 1 1 10 65 8 24 Successful 153 | . 32 . 49 1 1 4 49 4 13 Failed 63 | . 10 . 16 . . 6 16 4 11 Catastrophic 2 | . . . 1 . . 1 . . . Database Lockouts . | . . . . . . . . . . Manual 128 | . 28 . 40 . 1 9 38 . 12 Terminals 180 | . 33 . 55 . . 10 55 8 19 Fabricators . | . . . . . . . . . . Repair Stations . | . . . . . . . . . . Recycling Units 20 | . 9 . 4 . . . 5 . 2 Scanalyzers 8 | . . . 6 . . . 2 . . Garrison Access 6 | . . . . . . . 3 . 3 Terminal Hacks 83 | . 12 . 27 1 1 4 28 4 6 Part Schematic 12 | . 1 . 3 . . 3 4 . 1 Robot Schematic 1 | . 1 . . . . . . . . Robot Analysis 4 | . 2 . 1 . . . 1 . . Prototype ID Bank 24 | . 2 . 8 . . . 12 . 2 Open Door 1 | . . . . 1 . . . . . Branch Access Points 4 | . . . 2 . . . 1 . 1 Emergency Access Points 4 | . 1 . 2 . . . . 1 . Terminal Index 5 | . 2 . 1 . . . 1 . 1 Repair Station Index 1 | . . . 1 . . . . . . Scanalyzer Index 1 | . . . 1 . . . . . . Alert Level 2 | . . . . . . . 2 . . Unreport Threat 3 | . . . . . . . 3 . . Locate Traps 5 | . 2 . 2 . . . . . 1 Reprogram Traps 1 | . . . . . . . 1 . . Hauler Manifests 1 | . . . 1 . . . . . . Registered Components 2 | . . . 1 . . . 1 . . Zone Layout 8 | . 1 . 4 . . 1 2 . . Garrison Registry 1 | . . . . . . . . 1 . Patrol Navigation 1 | . . . . . . . . 1 . Security Stations 1 | . . . . . . . . 1 . Derelict Proto ID Bank 1 | . . . . . 1 . . . . Fabricator Hacks . | . . . . . . . . . . Repair Station Hacks . | . . . . . . . . . . Recycling Unit Hacks 11 | . 5 . 2 . . . 3 . 1 Report Inventory 6 | . 2 . 1 . . . 2 . 1 Retrieve Components 5 | . 3 . 1 . . . 1 . . Scanalyzer 6 | . . . 4 . . . 2 . . Insert Component 3 | . . . 2 . . . 1 . . Analyze 3 | . . . 2 . . . 1 . . Garrison Access Hacks 2 | . . . . . . . 1 . 1 Unlock Access 2 | . . . . . . . 1 . 1 Unauthorized Hacks 51 | . 15 . 16 . . . 15 . 5 Terminals 44 | . 12 . 15 . . . 12 . 5 Track 18 | . 4 . 7 . . . 5 . 2 Botnet 22 | . 7 . 7 . . . 6 . 2 Operators 4 | . 1 . 1 . . . 1 . 1 Fabricators . | . . . . . . . . . . Repair Stations . | . . . . . . . . . . Recycling Units 5 | . 3 . . . . . 2 . . Mask 2 | . 1 . . . . . 1 . . Tunnel 3 | . 2 . . . . . 1 . . Scanalyzers 1 | . . . 1 . . . . . . Extract 1 | . . . 1 . . . . . . Garrison Access 1 | . . . . . . . 1 . . Reprogram 1 | . . . . . . . 1 . . Data Cores Recovered . | . . . . . . . . . . Used . | . . . . . . . . . . Hacking Detections 42 | . 8 . 13 . . 2 11 2 6 Full Trace Events 10 | . 3 . 3 . . 1 2 . 1 Feedback Events 1 | . . . . . . . 1 . . Corruption 1 | . . . . . . . 1 . . Feedback Blocked . | . . . . . . . . . . Robot Schematics Acquired 1 | . 1 . . . . . . . . Robots Built . | . . . . . . . . . . Authchips . | . . . . . . . . . . Time . | . . . . . . . . . . Total Robot Build Rating . | . . . . . . . . . . Part Schematics Acquired 16 | . 1 . 6 . . 3 5 . 1 Parts Built . | . . . . . . . . . . Authchips . | . . . . . . . . . . Time . | . . . . . . . . . . Total Part Build Rating . | . . . . . . . . . . Parts Repaired . | . . . . . . . . . . Time . | . . . . . . . . . . Parts Recycled . | . . . . . . . . . . Recycled Matter . | . . . . . . . . . . Retrieved Matter . | . . . . . . . . . . Retrieved Components 35 | . 23 . 2 . . . 10 . . Parts Scanalyzed 3 | . . . 2 . . . 1 . . Part Schematics Acquired 3 | . . . 2 . . . 1 . . Parts Damaged . | . . . . . . . . . . Bothacking | -11 -10 -10 -9 -9 -9 -8 -8 -8 -7 ------------ Run | Yrd Mat Min Mat Min Exi Min Mat Gar Fac Used RIF Installer 1 | . . . . . . . . 1 . Robots Hacked . | . . . . . . . . . . Non-combat . | . . . . . . . . . . Combat . | . . . . . . . . . . Robot Hacks Applied . | . . . . . . . . . . Relay Couplers Released 2 | . . . . . . . . 2 . Machine Destruction 2 | . . . . . . . . 2 . Fabnet Peak Effective % . | . . . . . . . . . . Robots Rewired 6 | . . . . . . . . 6 . Allies Hacked . | . . . . . . . . . . Hacks Repelled . | . . . . . . . . . . Allies | -11 -10 -10 -9 -9 -9 -8 -8 -8 -7 -------- Run | Yrd Mat Min Mat Min Exi Min Mat Gar Fac Total Allies 16 | . . . . 5 . . 2 6 3 Largest Group 9 | . . . . 5 5 . 2 6 9 Highest-Rated Group 177 | . . . . 91 91 . 10 84 177 Highest-Rated Ally 31 | . . . . 31 31 . 5 18 31 Total Orders 10 | . . . . . . 1 . 9 . STAY 1 | . . . . . . . . 1 . FOLLOW 1 | . . . . . . . . 1 . EXPLORE 4 | . . . . . . 1 . 3 . RETURN 4 | . . . . . . . . 4 . Ally Attacks 112 | . . . . 1 15 1 6 16 73 Total Damage 1618 | . . . . 11 158 . 16 226 1207 Kills 20 | . . . . 1 1 . . 4 14 Allies Corrupted . | . . . . . . . . . . Allies Melted . | . . . . . . . . . . Intel | -11 -10 -10 -9 -9 -9 -8 -8 -8 -7 ------- Run | Yrd Mat Min Mat Min Exi Min Mat Gar Fac Robot Analysis Total 4 | . 2 . 1 . . . 1 . . Derelict Logs Recovered 2 | . . 1 . 1 . . . . . Drone Launches 22 | . . . . . . 1 . 12 9 Drone Recoveries 4 | . . . . . . . . 4 . Exploration | -11 -10 -10 -9 -9 -9 -8 -8 -8 -7 ------------- Run | Yrd Mat Min Mat Min Exi Min Mat Gar Fac Turns Passed 12112 | 273 911 706 1759 1185 701 1142 2324 1710 1401 Spaces Moved 6422 | 88 637 542 954 596 255 515 1369 719 747 Core 17 | 17 . . . . . . . . . Treads . | . . . . . . . . . . Legs 6405 | 71 637 542 954 596 255 515 1369 719 747 Wheels . | . . . . . . . . . . Hover . | . . . . . . . . . . Flight . | . . . . . . . . . . Fastest Speed 50 | 50 120 120 120 120 190 190 120 120 120 Average Speed 146 | 111 120 120 127 172 190 190 126 180 157 Slowest Speed 190 | 120 120 120 190 190 190 190 190 190 190 Overloaded Moves . | . . . . . . . . . . Propulsion Burnouts . | . . . . . . . . . . Robots Hopped . | . . . . . . . . . . Cave-ins Triggered 1 | . . . . . . . . . 1 Exploration Rate (%) 74 | 6 99 95 81 99 63 97 93 85 22 Regions Visited 9 Branch Regions 4 Pre-discovered Areas 4 | . 2 . . 1 . . 1 . . Known Exits Taken 8 | 1 1 1 1 1 1 1 1 . . Unknown Exits Taken . | . . . . . . . . . . Scrap Searched 5 | . . 2 . 3 . . . . . Spaces Dug 3 | . . . . . . . . 3 . Terrain Destroyed 330 | . . . 12 3 . 77 104 24 110 Melee 3 | . . . . . . . . 3 . Projectile . | . . . . . . . . . . AOE 327 | . . . 12 3 . 77 104 21 110 Terrain Rammed . | . . . . . . . . . . Walls Destroyed . | . . . . . . . . . . Machines Disabled . | . . . . . . . . . . Actions | -11 -10 -10 -9 -9 -9 -8 -8 -8 -7 --------- Run | Yrd Mat Min Mat Min Exi Min Mat Gar Fac Total 8616 | 257 729 583 1402 740 472 656 1826 1061 890 Wait 1541 | 159 45 31 318 124 216 123 270 220 35 Move 6412 | 87 636 541 953 595 254 514 1368 718 746 Hop . | . . . . . . . . . . Pick Up 23 | 1 3 . 6 1 1 . 8 3 . Fast Attach 53 | 8 4 2 10 4 . 1 10 4 10 Attach 6 | . . . 1 . . . 2 3 . Detach 3 | . . . . . . . 1 1 1 Swap 17 | . 1 . 3 1 . . 7 4 1 Drop 60 | 1 4 2 13 5 1 1 19 7 7 Fire 160 | 1 27 7 66 6 . 17 14 5 17 Melee 175 | . . . . . . . 82 49 44 Ram . | . . . . . . . . . . Kick . | . . . . . . . . . . Crush . | . . . . . . . . . . Escape Stasis 15 | . . . . . . . . 15 . Rewire . | . . . . . . . . . . Trap 19 | . . . . . . . . 17 2 Miscellaneous 132 | . 9 . 32 4 . . 45 15 27 Route ------- -11/Scrapyard -10/Materials (discovered 6 exits: *Mat x3 / *Min x2 / *Sub) -10/Mines (discovered 2 exits: *Mat x2) -9/Materials (discovered 3 exits: *Mat x2 / *Min) -9/Mines (discovered 3 exits: *Mat x2 / *Exi) -9/Exiles (discovered 2 exits: *Min x2) -8/Mines (discovered 2 exits: *Mat x2) -8/Materials (discovered 4 exits: *Fac x3 / Gar) -8/Garrison (discovered 3 exits: *Fac x3) -7/Factory (discovered 5 exits: *Fac / Sto / *Low x2 / Gar) History --------- Turn | Location | Event 29 | -11/Scrapyard | Identified exit to Materials 29 | -11/Scrapyard | Discovered exit to Materials (range 16) 35 | -11/Scrapyard | Upgraded with Propulsion slot (x1) 35 | -11/Scrapyard | Upgraded with Utility slot (x1) 35 | -11/Scrapyard | Upgraded with Weapon slot (x1) 241 | -11/Scrapyard | Upgraded with Utility slot (x2) 274 | -11/Scrapyard | Entered Materials 405 | -10/Materials | Upgraded with Utility slot (x1) 467 | -10/Materials | Identified exit to Materials 467 | -10/Materials | Discovered exit to Materials (range 15) 583 | -10/Materials | Build established: Hacker-Skirmisher 583 | -10/Materials | Identified exit to Subcaves 583 | -10/Materials | Discovered exit to Subcaves (range 9) 641 | -10/Materials | Identified exit to Mines 641 | -10/Materials | Discovered exit to Mines (range 11) 716 | -10/Materials | Discovered exit to Materials (range 14) 816 | -10/Materials | Discovered exit to Mines (range 12) 973 | -10/Materials | Discovered exit to Materials (range 16) 1094 | -10/Materials | Reached level 2 1185 | -10/Materials | Entered Mines 1226 | -10/Mines | Assembled infested the area 1231 | -10/Mines | Assisted by a Guerilla fighting off Assembled 1274 | -10/Mines | Met a Derelict bent on vengeance 1276 | -10/Mines | Discovered exit to Materials (range 10) 1360 | -10/Mines | Discovered exit to Materials (range 14) 1463 | -10/Mines | Found a hidden stash of uninstalled traps 1566 | -10/Mines | Learned Materials emergency access door positions 1891 | -10/Mines | Entered Materials 1893 | -9/Materials | Reached level 3 1893 | -9/Materials | Reached level 4 1902 | -9/Materials | Identified exit to Mines 1915 | -9/Materials | Upgraded with Utility slot (x2) 2192 | -9/Materials | Reached level 5 2369 | -9/Materials | Upgraded with Weapon slot (x1) 2663 | -9/Materials | Build established: Hacker-Assassin 2842 | -9/Materials | Reached level 6 2936 | -9/Materials | Identified exit to Materials 2936 | -9/Materials | Discovered exit to Materials (range 4) 3192 | -9/Materials | Discovered exit to Materials (range 15) 3240 | -9/Materials | Build established: Hacker-Skirmisher 3650 | -9/Materials | Entered Mines 3726 | -9/Mines | Learned location of Storage (-7) 3745 | -9/Mines | Assisted by bots powering up and referring to "LRC-V3" 3875 | -9/Mines | Found the Drone Emporium 3886 | -9/Mines | Found Prototype Device 3886 | -9/Mines | Identified Bomb Drone Bay 3986 | -9/Mines | Discovered exit to Materials (range 14) 3990 | -9/Mines | Reached level 7 4008 | -9/Mines | Upgraded with Utility slot (x1) 4060 | -9/Mines | Identified exit to Exiles 4060 | -9/Mines | Discovered exit to Exiles (range 10) 4104 | -9/Mines | Deemed a non-threat by the Exiles lab entrance 4531 | -9/Mines | Discovered exit to Materials (range 13) 4835 | -9/Mines | Entered Exiles 4835 | -9/Exiles | Accompanied by 5 allies 4860 | -9/Exiles | Identified exit to Mines 4860 | -9/Exiles | Discovered exit to Mines (range 16) 4865 | -9/Exiles | Led the pair of lost Derelicts to a safe place 4891 | -9/Exiles | Met 8R-AWN 4917 | -9/Exiles | Met EX-HEX 4971 | -9/Exiles | Met EX-BIN 5009 | -9/Exiles | Aligned with FarCom system 5010 | -9/Exiles | Given EX-Vault access code 5058 | -9/Exiles | Opened EX-Vault 5100 | -9/Exiles | Warned to stay clear of 0b10 Research branches 5135 | -9/Exiles | Exiles lab attacked by MAIN.C 5138 | -9/Exiles | Found Field Lobotomy Kit 5287 | -9/Exiles | Lost 3 allies 5302 | -9/Exiles | Discovered exit to Mines (range 14) 5536 | -9/Exiles | Left Exiles lab with Field Lobotomy Kit 5536 | -9/Exiles | Entered Mines 5651 | -8/Mines | Reached level 8 5841 | -8/Mines | Discovered exit to Materials (range 8) 6104 | -8/Mines | Discovered exit to Materials (range 13) 6470 | -8/Mines | Build established: Hacker-Assassin 6678 | -8/Mines | Entered Materials 6680 | -8/Materials | Reached level 9 6741 | -8/Materials | Upgraded with Utility slot (x1) 7006 | -8/Materials | Identified exit to Factory 7006 | -8/Materials | Discovered exit to Factory (range 3) 7026 | -8/Materials | Reached level 10 7100 | -8/Materials | Upgraded with Power slot (x1) 7142 | -8/Materials | Build established: Hacker-Gladiator 7476 | -8/Materials | Discovered exit to Factory (range 6) 7509 | -8/Materials | Identified exit to Garrison 7763 | -8/Materials | Discovered exit to Factory (range 11) 7890 | -8/Materials | Reached level 11 7976 | -8/Materials | Garrison activated, responded to threat 8762 | -8/Materials | Reached level 12 8848 | -8/Materials | Upgraded with Utility slot (x1) 9002 | -8/Materials | Entered Garrison 9090 | -8/Garrison | Learned Factory security intel 9196 | -8/Garrison | Triggered checkpoint 9284 | -8/Garrison | Discovered exit to Factory (range 10) 9347 | -8/Garrison | Triggered checkpoint 9360 | -8/Garrison | Discovered exit to Factory (range 40) 9372 | -8/Garrison | Triggered checkpoint 9440 | -8/Garrison | Triggered checkpoint 9577 | -8/Garrison | Lost 3 allies 9734 | -8/Garrison | Triggered checkpoint 9813 | -8/Garrison | Discovered exit to Factory (range 23) 9813 | -8/Garrison | Discovered exit to Factory (range 15) 9813 | -8/Garrison | Discovered exit to Factory (range 57) 9953 | -8/Garrison | Installed Relay Interface Framework 10016 | -8/Garrison | Triggered checkpoint 10034 | -8/Garrison | Triggered checkpoint 10234 | -8/Garrison | Triggered checkpoint 10656 | -8/Garrison | Garrison Relay disabled 10712 | -8/Garrison | Entered Factory 10712 | -7/Factory | Accompanied by 6 allies 10714 | -7/Factory | Reached level 13 10857 | -7/Factory | Allied Derelicts emerged from ambush trap array 10864 | -7/Factory | Reached level 14 10867 | -7/Factory | Upgraded with Utility slot (x1) 11036 | -7/Factory | Identified exit to Garrison 11061 | -7/Factory | Identified exit to Lower Caves 11061 | -7/Factory | Discovered exit to Lower Caves (range 15) 11068 | -7/Factory | Garrison activated, responded to threat 11097 | -7/Factory | Identified exit to Storage 11097 | -7/Factory | Discovered exit to Storage (range 15) 11243 | -7/Factory | P-60 Hacker assimilated allied Rogue 3b 11261 | -7/Factory | Reached level 15 11300 | -7/Factory | Lost 5 allies 11699 | -7/Factory | Identified exit to Factory 11699 | -7/Factory | Discovered exit to Factory (range 12) 11902 | -7/Factory | Cargo convoy interrupted 11928 | -7/Factory | Core integrity fell below 50% 11944 | -7/Factory | Core integrity fell below 20% 11951 | -7/Factory | Garrison activated, responded to threat 12019 | -7/Factory | Lost 9 allies 12069 | -7/Factory | Found Prototype Launcher 12069 | -7/Factory | Identified Rocket Array 12113 | -7/Factory | Crushed by falling debris 12113 | -7/Factory | Smashed by cave-in Last Messages --------------- 12101_ U-05 Engineer lays Concrete. 12101_ U-05 Engineer builds a Wall. 12102_ U-05 Engineer lays Concrete. 12103_ K-01 Serf collects debris. 12103_ U-05 Engineer builds a Wall. 12103_ Dropped Imp. Heavy Machine Gun. 12104_ Acquired Prototype Energy Cannon. 12104_ Identified Cld. Plasma Cannon. 12104_ U-05 Engineer lays Concrete. 12104_ U-05 Engineer builds a Wall. 12104_ U-05 Engineer lays Concrete. 12106_ K-01 Serf collects debris. 12106_ U-05 Engineer lays Concrete. 12108_ K-01 Serf collects debris. 12108_ U-05 Engineer builds a Wall. 12109_ R-06 Scavenger collects Imp. Heavy Machine Gun. 12110_ U-05 Engineer builds a Door. 12112_ K-01 Serf collects debris. 12113_ The unstable cave ceiling collapses. 12113_ Crushed by falling debris. Map ----- +----------------------------------------------------+ | ?????????????????????????????????????????????????? | | ?????????????????????????????????????????????????? | | ?????????????????????????a???????????????????????? | | ?????????????????????????????????????????????????? | | ?????????????????????????????????????????????????? | | ?????????????????????????????????????????????????? | | ?????????????????????????????????????????????????? | | ?????????????????????????????????????????????????? | | ?????????????????????????????????????????????????? | | ?????????????????????????????????????????????????? | | ??????????????????????????????? ??????????????? | | ??????????????????????????? ??????????????? | | ?????????????????????? ? ? #?????????????? | | ?????????????????????? ??? ##????????????? | | ???????# ??????????????#??# ""#????????????? | | ???????# ????? ##?#?## ""##???????????? | | ???????# """"""""" #???### u +???????????? | | ???????# #???### "+###?????????? | | ???????# """"""""" #???# # # ????????? | | ???????# #???# # + ????????? | | ???????# """"""""" #? ?# # #" ????????? | | ???????# ##### # #" ? ???????? | | ######## ###+## #### ## #o # ? ???????? | | # # ## ??????? | | # ! # #" ??????? | | +% =*#@#u #" ???????? | | = %# % #!#] ##?????? ??????? | | += |###*= [=*##???? ? ??????? | | ####### # % r [* *]=[==# ?????? | | ?????# u % ######= *!# ?????? | | ?????# # # ###% =#=#]k#!%=]# #######??????? | | ?????# ## # # =#%%=!###????????????? | | ?????# # uu # #+##+###?###????????? | | ?????# #######+ # %*[% ! ##??#???????? | | ?????# # u # # k # ?????????? | | ?????# # k # [ [##??????????? | | ?????+ # # %#u #???????????? | | ?????# ?# # # """" """" ##??????????? | | ?????# ?# # & """" """" #???????????? | | ??????? # # + """" """" #???????????? | | ?????????# + # """" """? #???????????? | | ?????????# ! # # """" ""???????????????? | | ???????? # # # """" "?????#??????????? | | ?????# ########## # ??? ##??????????? | | ????# ##### ### # ] ????????????????? | | ????# = ! ##########??#????????????? | | ????? % % #?#??#?#??#?#????????????? | | ????? %!% #?#????#??#?#????????????? | | ?????? % #######???? ?????????????? | | ????#? "" ! % "" #?####??##???????????????? | +----------------------------------------------------+ Best States ------------- Heat Dissipation 25 Energy Generation 33 Energy Capacity 460 Matter Stores 400 Matter Capacity 400 Sight Range 18 Robot Scan Range 31 Terrain Scan Range 16 Terrain Scan Density 110 Additional Mass Support 9 Armor Coverage 150 Resistance: KI 35 Resistance: TH 55 Resistance: EX 85 Resistance: EM 35 Resistance: I 35 Resistance: S 35 Resistance: P 35 Utility Shielding 33 Weapon Shielding 33 Weapon Cycling 15 Evasion (%) 55 Targeting Accuracy 5 Offensive Hacking 30 Defensive Hacking 5 Trap Extractor Capacity 4 Item Schematics ----------------- Grenade Launcher | -10/Materials | Hacked EMP Blaster | -9/Materials | Scanalyzed Cooling System | -9/Materials | Hacked Imp. Aluminum Leg | -9/Materials | Hacked Rocket Launcher | -9/Materials | Scanalyzed Hvy. Hammer | -9/Materials | Extracted Lgt. EM Pulse Cannon | -9/Materials | Hacked Hacking Suite | -8/Mines | Hacked Imp. Signal Interpreter | -8/Mines | Hacked VSS Leg | -8/Mines | Hacked Lrn. Tractor Beam | -8/Materials | Hacked Adv. EMP Blaster | -8/Materials | Scanalyzed Hvy. Missile Launcher | -8/Materials | Hacked Launcher Guidance Computer | -8/Materials | Hacked Trap Scanner | -8/Materials | Hacked Imp. Weapon Cycler | -7/Factory | Hacked Robot Schematics ------------------ M-13 Machinist | -10/Materials | Hacked Fabricated ------------ Nothing Alien Tech Used ----------------- None Achievements -------------- None Challenges ------------ None RPGLIKE | -11 -10 -10 -9 -9 -9 -8 -8 -8 -7 --------- Run | Yrd Mat Min Mat Min Exi Min Mat Gar Fac Levels Raised 14 | . 1 . 4 1 . 1 4 . 3 XP Earned 27896 | 6000 1715 750 5998 1032 462 1250 5453 1312 3924 XP Spent 25930 | 4200 1800 . 6350 2625 . . 7275 . 3680 Upgrades 40 | 8 3 . 6 5 . . 9 . 9 Power Slot 1 | . . . . . . . 1 . . Propulsion Slot 1 | 1 . . . . . . . . . Utility Slot 10 | 3 1 . 2 1 . . 2 . 1 Weapon Slot 2 | 1 . . 1 . . . . . . Core Integrity 8 | . . . . . . . . . 8 Mass Support 1 | . . . 1 . . . . . . Inventory Capacity 4 | 2 . . 2 . . . . . . Sight Range 1 | . . . . 1 . . . . . Sensor Range 8 | . . . . 3 . . 5 . . Terrain Scan Density 1 | 1 . . . . . . . . . Hack Attack % 2 | . 1 . . . . . 1 . . Hack Defense % 1 | . 1 . . . . . . . . Protomatter Created 1384 | . 118 . 367 33 . 10 430 210 216 Integrity Restored 2279 | . 94 . 482 69 . . 811 273 550 Core 1757 | . 67 . 340 52 . . 615 191 492 Parts 522 | . 27 . 142 17 . . 196 82 58 Protomatter Decayed 1133 | . 81 37 133 16 256 . 115 178 317 Game ------ Seed TargetOpticalMount Manual? 0 Play Time 01:59:33 Cumulative 496.8 hours Start 2024.01.26 @ 14:51:52 End 2024.01.26 @ 17:53:41 Sessions 1 Manual Loads 0 Difficulty Explorer Special Mode Winter2019/RPGLIKE Game No. 193 Rogue 184 Adventurer 3 Explorer 6 Win Type - Total 9 Types 5/2/0/1/0/1/0/0/0 Lore% 82 Gallery% 90 Achievement% 79 Wizard Run 0 Options --------- ASCII 0 Keyboard 0 Movement Numpad Keybinds 0 Fullscreen 1 Font 18/SmallcapsGlow Map View 76x50 Zoom Use 0% Tactical HUD 1 Map Filters NONE Filters NONE Steam X RUN: 9839019a-7cd9-4123-8ab5-d7ade84fc156